 Dungeon Crawl Stone Soup version bcrawl-1.19.2-6-g6a88ae04c9 (webtiles) character file.

Game seed: 9552722507956488297

2099 Mrkan the Cleaver (level 9, 0/79 HPs)
             Began as a Minotaur Fighter on Dec 30, 2019.
             Was an Initiate of Okawaru.
             Slain by a troll (4 damage)
             ... on level 6 of the Dungeon.
             The game lasted 00:05:14 (5214 turns).

Mrkan the Cleaver (Minotaur Fighter)                Turns: 5214, Time: 00:05:15

Health: 0/79       AC: 12    Str: 21    XL:     9   Next: 7%
Magic:  8/8        EV:  8    Int:  6    God:    Okawaru [......]
Gold:   632        SH: 11    Dex: 12    Spells: 8/8 levels left

rFire    . . .     SeeInvis .   a - +0 war axe
rCold    . . .     Gourm    .   c - +0 shield
rNeg     . . .     Faith    .   b - +0 scale mail
rPois    .         Spirit   .   (helmet restricted)
rElec    .         Reflect  .   u - +0 cloak (curse)
rCorr    .         Harm     .   (no gloves)
MR       .....                  k - +2 pair of boots
Stlth    ..........             (no amulet)
HPRegen  0.23/turn              (no ring)
MPRegen  0.11/turn              (no ring)

@: no status effects
A: retaliatory headbutt, horns 2
a: Renounce Religion


You were on level 6 of the Dungeon.
You worshipped Okawaru.
Okawaru was noncommittal.
You were not hungry.

You visited 1 branch of the dungeon, and saw 6 of its levels.

You collected 632 gold pieces.

Inventory:

Hand Weapons
 a - a +0 war axe (weapon)
Missiles
 g - 2 throwing nets (quivered) {!f}
 A - 67 tomahawks
Armour
 b - a +0 scale mail (worn)
 c - a +0 shield (worn)
 k - a +2 pair of boots (worn)
 u - a cursed +0 cloak (worn)
Jewellery
 o - an uncursed ring of stealth {unknown}
 t - an uncursed ring of wizardry {unknown}
 y - a cursed ring of poison resistance {unknown}
 z - an uncursed ring of protection from fire
Scrolls
 h - 5 scrolls of identify {unknown}
 i - 5 scrolls of fog {unknown}
 j - a scroll of remove curse {unknown}
 n - a scroll of blinking {unknown}
 p - 4 scrolls of magic mapping {unknown}
 r - a scroll of amnesia {unknown}
 w - 2 scrolls of enchant armour {unknown}
 B - a scroll of noise {unknown}
Potions
 d - a potion of might
 e - a potion of agility {unknown}
 l - a potion of invisibility {unknown}
 m - 2 potions of heal wounds {unknown}
 q - 2 potions of haste {unknown}
 s - a potion of brilliance {unknown}
 v - a potion of degeneration {unknown}
 x - 2 potions of curing {unknown}
 C - a potion of magic {unknown}
Comestibles
 f - 10 rations {!d}


   Skills:
 + Level 7.3 Fighting
 * Level 9.3 Axes
 + Level 7.4 Armour
 + Level 7.3 Shields


You had 8 spell levels left.
You didn't know any spells.
Your spell library was empty.

Dungeon Overview and Level Annotations

Branches:
Dungeon (6/12)             Temple (0/1) D:4

Altars:
Elyvilon
Hepliaklqana
Lugonu
Okawaru
Qazlal
Sif Muna
Uskayaw

Annotations:
D:4 3 runed translucent doors, Banto's ghost, novice OpTm
D:5 3 runed translucent doors, Mrkan's ghost, novice MiMo


Innate Abilities, Weirdness & Mutations

You reflexively headbutt those who attack you in melee.
You have a pair of horns on your head.


Message History

The two-headed ogre hits you with a +0 giant club!
You hit the two-headed ogre but do no damage.
The two-headed ogre is severely wounded.
The two-headed ogre hits you with a +0 giant club!
The two-headed ogre hits you with a +0 giant club.
Your scale mail prevents you from hitting the two-headed ogre.
You headbutt the two-headed ogre.
The two-headed ogre is severely wounded.
You hit the troll but do no damage. The troll bites you!
* * * LOW HITPOINT WARNING * * *
The troll claws you.
* * * LOW HITPOINT WARNING * * *
The troll claws you but does no damage.
You slash the two-headed ogre!
The two-headed ogre is almost dead.
Your shield and scale mail prevent you from hitting the troll.
The two-headed ogre hits you with a +0 giant club!
* * * LOW HITPOINT WARNING * * *
You block the two-headed ogre's attack. The troll bites you.
You die...

#..####...#
#..[..).## .#
####..#..### .#
##....##...# .#
###..##.####.# .#
##...###......###.#
...### ###......#.#
#### .....####...#
###### ##@.# #OT#
#..^. ##.....
......# ......#
.... ......# ....
......# ....


You could see a two-headed ogre and a troll.

Vanquished Creatures
  Pikel (D:4)
  A water moccasin (D:5)
  An ice beast (D:5)
  2 sky beasts
  An eye of draining (D:6)
  An ogre (D:5)
  2 centaurs
  2 bullfrogs
  A howler monkey (D:6)
  A quasit (D:5)
  2 bullfrog zombies
  A bullfrog skeleton (D:4)
  4 orc priests
  A centaur skeleton (D:6)
  A hound (D:5)
  5 orc wizards
  An iguana (D:4)
  A worker ant (D:5)
  A worker ant zombie (D:5)
  8 gnolls
  5 adders
  A shadow imp (D:6)
  3 oozes
  An adder zombie (D:5)
  A worm (D:2)
  2 dart slugs
  4 leopard geckos
  15 orcs
  5 bats
  4 giant cockroaches
  8 goblins
  8 hobgoblins
  11 jackals
  5 quokkas
  2 ball pythons
  2 frilled lizards
  10 kobolds
  6 rats
131 creatures vanquished.

Vanquished Creatures (others)
  3 orcs (D:4)
3 creatures vanquished.

Grand Total: 134 creatures vanquished

Notes
Turn   | Place    | Note
-------+----------+-------------------------------------------
     0 | D:1      | Mrkan the Minotaur Fighter began the quest for the Orb.
     0 | D:1      | Reached XP level 1. HP: 19/19 MP: 0/0
   330 | D:1      | Reached XP level 2. HP: 27/27 MP: 1/1
   406 | D:1      | Reached skill level 3 in Axes
   913 | D:2      | Reached XP level 3. HP: 33/33 MP: 2/2
  1184 | D:2      | Reached XP level 4. HP: 30/40 MP: 3/3
  1194 | D:2      | Reached skill level 4 in Axes
  1970 | D:3      | Reached XP level 5. HP: 47/47 MP: 4/4
  2225 | D:3      | Reached skill level 5 in Axes
  2673 | D:4      | Reached XP level 6. HP: 55/55 MP: 5/5
  2698 | D:4      | Noticed a slave
  2698 | D:4      | Noticed a slave
  2698 | D:4      | Noticed a slave
  2698 | D:4      | Noticed Pikel
  2698 | D:4      | Noticed a slave
  2712 | D:4      | Killed Pikel
  2712 | D:4      | Reached skill level 5 in Fighting
  2712 | D:4      | Reached skill level 6 in Axes
  2712 | D:4      | Reached skill level 5 in Armour
  2712 | D:4      | Reached skill level 5 in Shields
  2712 | D:4      | Reached XP level 7. HP: 33/62 MP: 6/6
  2997 | D:4      | Found a staircase to the Ecumenical Temple.
  3069 | D:4      | Reached skill level 7 in Axes
  3076 | D:4      | Found a runed translucent gate.
  3077 | D:4      | Found a runed translucent gate.
  3078 | D:4      | Found a runed translucent gate.
  3275 | D:4      | Noticed Banto's ghost (novice OpTm)
  3375 | D:5      | Entered Level 5 of the Dungeon
  3375 | D:5      | Found an iron altar of Okawaru.
  3574 | D:5      | Reached XP level 8. HP: 58/70 MP: 7/7
  3778 | D:5      | Reached skill level 8 in Axes
  3824 | D:5      | Found a runed translucent gate.
  3827 | D:5      | Found a runed translucent gate.
  3828 | D:5      | Found a runed translucent gate.
  3828 | D:5      | Noticed Mrkan's ghost (novice MiMo)
  4385 | D:5      | Found an iron altar of Okawaru.
  4431 | D:5      | Became a worshipper of Warmaster Okawaru
  4566 | D:5      | Found a shimmering blue altar of Sif Muna.
  4923 | D:6      | Reached skill level 9 in Axes
  5002 | D:6      | Found a corrupted altar of Lugonu.
  5006 | D:6      | Found a hazy altar of Hepliaklqana.
  5007 | D:6      | Found a hide-covered altar of Uskayaw.
  5007 | D:6      | Found a stormy altar of Qazlal.
  5008 | D:6      | Found a white marble altar of Elyvilon.
  5016 | D:6      | Reached XP level 9. HP: 78/79 MP: 8/8
  5204 | D:6      | Noticed a two-headed ogre
  5206 | D:6      | Noticed a troll
  5214 | D:6      | Slain by a troll

Skill      XL: |  1  2  3  4  5  6  7  8 |
---------------+-------------------------+-----
Axes           | 3 4 5 6 7 9 |  9.3
Fighting       | 4 5 6 7 |  7.3
Armour         | 4 5 6 7 |  7.4
Shields        | 4 5 6 7 |  7.3

Action                   |  1- 3 |  4- 6 |  7- 9 || total
-------------------------+-------+-------+-------++-------
Melee: War axe           |    71 |   105 |   173 ||   349
       Headbutt          |    10 |    19 |    32 ||    61
  Eat: Chunk             |     1 |     5 |     8 ||    14
Armor: Scale mail        |    54 |    59 |    71 ||   184
Dodge: Dodged            |    22 |    42 |    45 ||   109
Block: Shield            |    42 |    70 |   106 ||   218
